 Dungeon Crawl Stone Soup version 0.31.0-32-g396128a36d (webtiles) character file.

Game seed: 702049668910384920

84 PaiMei the Grave Robber (level 4, -8/30 HPs)
             Began as a Demonspawn Necromancer on Apr 17, 2024.
             Killed by nerve-wracking pain
             ... invoked by Grinder
              (12 damage)
             ... on level 3 of the Dungeon.
             The game lasted 00:02:22 (2013 turns).

PaiMei the Grave Robber (Demonspawn Necromancer)    Turns: 2013, Time: 00:02:22

Health: -8/30      AC:  3    Str:  9    XL:     4   Next: 24%
Magic:  8/8        EV: 17    Int: 17    God:
Gold:   64         SH:  0    Dex: 13    Spells: 7/8 levels left

rFire   . . .        e - +2 rapier (venom)
rCold   . . .        (no shield)
rNeg    . . .        a - +0 robe
rPois   .            (no helmet)
rElec   .            (no cloak)
rCorr   .            i - +0 pair of gloves
SInv    .            (no boots)
Will    .....        (no amulet)
Stlth   ++           (no ring)
HPRegen 0.25/turn    (no ring)
MPRegen 0.11/turn

%: no passive effects
@: agile, invisible
A: hooves 1, powered by pain 1
a: no special abilities


You were on level 3 of the Dungeon.
You visited 1 branch of the dungeon, and saw 3 of its levels.

You collected 64 gold pieces.

Inventory:

Hand Weapons
 c - a +0 club
 e - a +2 rapier of venom (weapon)
Armour
 a - a +0 robe (worn)
 i - a +0 pair of gloves (worn)
Jewellery
 g - a +4 ring of protection
Scrolls
 f - a scroll of enchant weapon {unknown}
 h - a scroll of blinking {unknown}
 j - 2 scrolls of vulnerability {unknown}
 k - 3 scrolls of identify {unknown}
 n - a scroll of teleportation {unknown}
Potions
 b - a potion of magic
 d - a potion of curing {unknown}
 l - a potion of enlightenment {unknown}
 m - a potion of resistance {unknown}
 o - a potion of mutation {unknown}
 p - a potion of invisibility
 q - a potion of brilliance {unknown}


   Skills:
 + Level 2.5 Dodging
 + Level 2.6 Stealth
 + Level 2.6 Spellcasting
 + Level 4.9 Necromancy


You had 7 spell levels left.
You knew the following spells:

 Your Spells              Type           Power      Damage    Failure   Level
a - Necrotise             Necr           76%        1d7       2%          1

Your spell library contained the following spells:

 Spells                   Type           Power      Damage    Failure   Level
 Vampiric Draining        Necr           19%        2d7       7%          3
 Animate Dead             Necr           19%        N/A       24%         4
 Curse of Agony           Necr           19%        N/A       54%         5


Dungeon Overview and Level Annotations

Branches:
Dungeon (3/15)

Altars:

Annotations:
D:3 Grinder


Innate Abilities, Weirdness & Mutations

You have large cloven feet.
You sometimes gain a little power by taking damage.


Message History

Grinder gestures at you.
You barely resist.
You see here a +0 dagger.
The goblin shouts!
An orc comes into view. It is wielding a +0 trident.
Grinder gestures at you. You resist with significant effort.
You barely miss Grinder.
The orc shouts!
You kick Grinder.
Grinder is moderately wounded.
Grinder gestures at you.
You barely resist. You hit Grinder but do no damage. You kick Grinder.
Grinder is moderately wounded.
Grinder misses you.
You hit Grinder. Your kick misses Grinder.
Grinder is moderately wounded.
Grinder closely misses you.
You hit Grinder.
Grinder is poisoned.
Grinder is heavily wounded.
Grinder says, "Just stop there for a second..."
Grinder hits you!
You writhe in agony.
You closely miss Grinder.
Grinder is heavily wounded.
Grinder barely misses you.
Grinder blinks!
Grinder gestures at you. Pain shoots through your body!
You focus on the pain.
You feel agile all of a sudden. Grinder gestures at you.
Pain shoots through your body!
* * * LOW HITPOINT WARNING * * *
It was a potion of invisibility.
You fade into invisibility!
You closely miss Grinder.
Grinder is heavily wounded.
Grinder gestures at you. Pain shoots through your body!
You die...
Grinder says, "Now the real fun starts!"

#....# #....# .( #....#
##.. #....# ...
################.#
.................#
.......5........#
.......@......$.# ...#
...........)....#####..#
################...# ..#
#..og# #.#.# #.# #....#
#$.#.#.#.# #....#
####.#.#.. #....#
#.#.#.. #....# #.#.#..
#....# #.#.#<#


You could see Grinder (unable to see you, poisoned), an orc (unable to see you)
and a goblin (unable to see you).

Vanquished Creatures
  A gnoll (D:1)
  3 adders
  A dart slug (D:1)
  A ribbon worm (D:2)
  5 ball pythons
  3 endoplasms (D:1)
  2 giant cockroaches
  5 goblins
  4 hobgoblins
  5 quokkas
  5 bats
  2 frilled lizards
  A kobold (D:1)
  2 rats
40 creatures vanquished.

Vanquished Creatures (collateral kills)
  A bat (D:1)
  A rat (D:2)
2 creatures vanquished.

Grand Total: 42 creatures vanquished

Notes
Turn   | Place    | Note
-------+----------+-------------------------------------------
     0 | D:1      | PaiMei the Demonspawn Necromancer began the quest for the
                  | Orb.
     0 | D:1      | Reached XP level 1. HP: 13/13 MP: 3/3
   130 | D:1      | Gained mutation: You sometimes gain a little power by
                  | taking damage. [demonic ancestry]
   130 | D:1      | Reached XP level 2. HP: 12/19 MP: 0/5
   603 | D:1      | Gained mutation: You have large cloven feet. [demonic
                  | ancestry]
   603 | D:1      | Reached XP level 3. HP: 24/24 MP: 4/6
  1402 | D:2      | Reached XP level 4. HP: 30/30 MP: 3/7
  1913 | D:3      | Noticed Grinder
  2013 | D:3      | Killed from afar by Grinder

Illustrated notes

Levels and vault maps discovered:
D:1:      onia_arrival_handbag, layout_rooms
D:2:      layout_loops_ring, grunt_ministairs_15,
          wander_ebering_terrifying_dragon_lair
D:3:      layout_loops_ring, grunt_temple_overflow_opulence,
          serial_co_window_serial, co_window_of_opportunity_a,
          co_window_corner_a, co_window_corner_a, co_window_paths_b,
          co_window_paths_a, co_window_broadway_a, co_window_unsneaky_path_a,
          co_window_unsneaky_path_c, co_window_cross_4,
          co_window_of_opportunity_b, co_window_4corner_a, glass_columns_b,
          glass_columns_b, glass_columns_c,
          hellmonk_ecumenical_altar_heavens_door, uniq_ijyb, uniq_grinder,
          uniq_terence

Skill      XL: |  1 |
---------------+----+-----
Stealth        | 2 |  2.6
Dodging        | 2 |  2.5
Spellcasting   | |  2.6
Necromancy     | |  4.9

Action                     |  1- 3 |  4- 6 || total
---------------------------+-------+-------++-------
  Melee: Unarmed           |     8 |       ||     8
         Rapier            |    14 |     8 ||    22
         Kick              |     4 |     3 ||     7
   Cast: Necrotise         |    67 |    13 ||    80
    Use: Potion            |       |     1 ||     1
 Armour: Robe              |    28 |     5 ||    33
  Dodge: Dodged            |    31 |     9 ||    40
